AoeStats
← [KMNB] Bandeira

Arabia

508215820Analyzed
2v2 RM · 12d ago on Sep 21, 2026· 43m 45s· 4 players
Game mode
Random Map
Map size
Medium (4 player)
Population
200
Speed
Normal
Resources
Standard
Victory
Conquest
Starting age
Dark Age
Ending age
Imperial Age
RankedLock teamsTeams togetherTeam positionsShared explorationLock speedFull tech treeHidden civsTurbo modeCheats
Victory
Defeat
🇨🇳 Franks · China
1402
+20
🇨🇳 Ethiopians · China
1402
+20
🇧🇷 Magyars · Brazil
1507
-21
🇧🇷 Britons · Brazil
1459
-19
[KMNB] Dedão
6:23 Loom
9:10 Feudal Age
9:50 Double-Bit Axe
13:06 Fletching
20:18 Wheelbarrow
22:50 Castle Age
21:01 Gold Mining
21:19 Padded Archer Armor
21:26 Horse Collar
23:03 Crossbowman
23:40 Bodkin Arrow
24:13 Bow Saw
27:08 Ballistics
38:25 Imperial Age
38:10 Stone Mining
40:12 Chemistry
39:20 Bracer
40:39 Arbalester
42:12 Town Watch
43:55 Conscription
[KMNB] Bandeira
6:57 Loom
9:18 Feudal Age
9:55 Double-Bit Axe
10:14 Horse Collar
16:38 Scale Barding Armor
22:26 Castle Age
21:17 Bloodlines
25:15 Gold Mining
26:22 Chain Barding Armor
27:41 Husbandry
31:33 Wheelbarrow
35:36 Heavy Plow
41:50 Imperial Age
41:59 Cavalier
锦瑟无端
6:07 Loom
8:57 Feudal Age
10:23 Double-Bit Axe
19:00 Castle Age
17:25 Gold Mining
18:16 Scale Barding Armor
18:56 Forging
21:17 Iron Casting
25:28 Chain Barding Armor
25:39 Husbandry
29:49 Wheelbarrow
28:59 Town Watch
30:39 Town Watch
31:36 Hand Cart
36:51 Imperial Age
36:45 Bow Saw
36:57 Cavalier
38:14 Plate Barding Armor
40:39 Blast Furnace
39:58 Paladin
42:49 Conscription
霸气小橘子
7:12 Loom
9:35 Feudal Age
12:51 Double-Bit Axe
15:29 Fletching
16:52 Horse Collar
17:50 Padded Archer Armor
20:13 Wheelbarrow
23:23 Castle Age
21:23 Gold Mining
23:24 Crossbowman
24:10 Thumb Ring
24:06 Bodkin Arrow
26:25 Ballistics
33:16 Leather Archer Armor
33:37 Hand Cart
37:19 Heavy Plow
37:32 Bow Saw
37:32 Stone Mining
43:35 Imperial Age
42:47 Scale Mail Armor
42:57 Forging
43:31 Gold Shaft Mining
43:41 Arbalester
Connection lost

Rejoining the realm…

Still unreachable

The connection could not be restored.

Session expired

The server has moved on; the page needs a fresh start.